 Dungeon Crawl Stone Soup version 0.31-a0-1002-g8e65716e6e (webtiles) character file.

Game seed: 14195030792924469878

9361 BinkBink the Skirmisher (level 11, -3/54 HPs)
             Began as a Spriggan Hunter on Nov 10, 2023.
             Was a Priest of Hepliaklqana.
             Shot with an arrow by a centaur warrior (17 damage)
             ... on level 10 of the Dungeon.
             The game lasted 00:15:53 (9439 turns).

BinkBink the Skirmisher (Spriggan Hunter)           Turns: 9439, Time: 00:15:53

Health: -3/54      AC:  3    Str:  7    XL:     11   Next: 22%
Magic:  0/12       EV: 18    Int: 11    God:    Hepliaklqana [***...]
Gold:   697        SH:  0    Dex: 29    Spells: 10/10 levels left

rFire   . . .        b - +5 shortbow (heavy)
rCold   . . .        (shield currently unavailable)
rNeg    . . .        e - +0 troll leather armour {Pargi}
rPois   .            (helmet restricted)
rElec   .            (no cloak)
rCorr   .            (gloves unavailable)
SInv    +            (boots unavailable)
Will    +....        k - amulet of guardian spirit
Stlth   ++           y - +6 ring of dexterity
HPRegen 1.09/turn    D - +4 ring of slaying
MPRegen 0.13/turn

%: guardian spirit
@: very quick
A: reduced essence, very small, no large weapons, unfitting armour, see
invisible, speed 3, horns 2, MP-powered wands
a: Renounce Religion, Recall Ancestor, Ancestor Identity, Transference


You were on level 10 of the Dungeon.
You worshipped Hepliaklqana.
Hepliaklqana was most pleased with you.
You visited 1 branch of the dungeon, and saw 10 of its levels.
You also visited: Sewer.

You collected 697 gold pieces.

Inventory:

Hand Weapons
 a - a +0 shortbow of freezing
 b - a +5 heavy shortbow (weapon)
Armour
 e - a +0 troll leather armour (worn) {Pargi}
 p - a scarf of invisibility
Jewellery
 k - an amulet of guardian spirit (around neck)
 r - a ring of protection from cold
 y - a +6 ring of dexterity (left hand)
 D - a +4 ring of slaying (right hand)
Wands
 c - a wand of iceblast (16)
 n - a wand of mindburst (6)
 u - a wand of flame (66)
 x - a wand of charming (12)
 E - a wand of acid (7)
Scrolls
 g - 3 scrolls of poison
 h - a scroll of amnesia
 i - 3 scrolls of immolation
 j - 6 scrolls of teleportation
 o - 2 scrolls of fear
 s - 3 scrolls of revelation
 B - 3 scrolls of noise
Potions
 d - 2 potions of haste
 f - a potion of mutation
 l - 2 potions of brilliance
 m - 2 potions of curing
 q - 2 potions of might {unknown}
 t - 3 potions of heal wounds {unknown}
 v - a potion of ambrosia {unknown}
 w - a potion of degeneration {unknown}
 z - a potion of attraction {unknown}
 A - 2 potions of resistance {unknown}
 C - 2 potions of cancellation {unknown}


   Skills:
 + Level 8.8 Fighting
 * Level 14.7 Ranged Weapons
 - Level 2.6 Dodging
 - Level 1.5 Stealth


You had 10 spell levels left.
You didn't know any spells.
Your spell library contained the following spells:

 Spells                   Type           Power      Damage    Failure   Level
 Magic Dart               Conj           0%         1d3       47%         1
 Sandblast                Erth           0%         2d4       47%         1
 Call Imp                 Summ           0%         N/A       63%         2
 Passwall                 Tmut/Erth      0%         N/A       63%         2
 Call Canine Familiar     Summ           0%         N/A       85%         3
 Mephitic Cloud           Conj/Pois/Air  0%         N/A       85%         3
 Sigil of Binding         Hex            0%         N/A       85%         3
 Stone Arrow              Conj/Erth      0%         3d7       85%         3
 Brom's Barrelling Bould  Conj/Erth      0%         2d3       99%         4
 Dimensional Bullseye     Hex/Tloc       0%         N/A       99%         4
 Leda's Liquefaction      Hex/Erth       0%         N/A       99%         4


Dungeon Overview and Level Annotations

Branches:
Dungeon (10/15)            Temple (0/1) D:7            Lair (0/5) D:9
  Sewer (visited)
    Orc: D:9-12

Altars:
Ashenzari
Fedhas
Hepliaklqana
Nemelex Xobeh
Sif Muna
Vehumet
Xom

Shops:
D:1 :   D:6 ?[[   D:7 **

Annotations:
D:9 3 runed translucent doors, sanka's ghost, novice FoMo


Innate Abilities, Weirdness & Mutations

Your life essence is reduced to manifest your ancestor. (-10% HP)
You are very small and have problems with some larger weapons.
You are too small for most types of armour.
You have supernaturally acute eyesight. (SInv)
You cover ground extremely quickly. (Speed+++)
You have a pair of horns on your head.
You expend magic power (3 MP) to strengthen your wands.


Message History

A wyvern comes into view.
You shoot an arrow. The arrow hits the wyvern!!
The wyvern hisses angrily.
The wyvern is severely wounded.
You shoot an arrow. The arrow hits the wyvern!
You kill the wyvern!
No target in view!
You see here a wyvern corpse.
You swap places.
An unseen horror and a gnoll sergeant come into view.
The gnoll sergeant is wielding a +0 vampiric trident.
You shoot an arrow. The arrow hits the unseen horror.
The unseen horror is lightly wounded.
You hear a shout!
A centaur warrior comes into view.
The gnoll sergeant shouts!
The centaur warrior wields a +0 shortbow.
The centaur warrior shoots an arrow.
The arrow hits you!!
The centaur warrior shoots an arrow.
The arrow closely misses the unseen horror.
The arrow hits you!!
You hear a shout!
The unseen horror hits you!
* * * LOW HITPOINT WARNING * * *
Imgur-Sin barely misses the unseen horror.
The unseen horror hits you.
* * * LOW HITPOINT WARNING * * *
As you read the scroll of teleportation, it crumbles to dust.
You feel strangely unstable. The unseen horror hits you!
* * * LOW HITPOINT WARNING * * *
You feel better.
The unseen horror hits you but does no damage.
Imgur-Sin blocks the unseen horror's attack.
Imgur-Sin closely misses the unseen horror.
Your surroundings suddenly seem different.
The centaur warrior shoots an arrow.
The arrow hits you!
* * * LOW HITPOINT WARNING * * *
Okay, then.
You feel better.
The centaur warrior shoots an arrow.
The arrow hits you!!
You die...

#.#######.# #.###.#.#.##.......#
#.......#.# #...#.#.#.######.#.#
#.#####.#.######.#.#.#.#......#.#
..#####.#...####.#.#.#.#.######.#
....................>#.#.###.##.#
#########.#......#.#............#
####### #.#.######.###.#.###.#..#
......###c.........###...........
....#.....R.....@......##.#.....#
....#########.########.##.......#
....# ♣.♣ #.##.#..#..# ....#
♣P......♣ #.##.#.....# #####
..≈~≈P♣.♣ #.##.......< ♣.♣.P♣♣.c
#..........# ...♣ ♣.♣
#.######.### #### ♣.♣ ### #.# ...
#.#


You could see the friendly Imgur-Sin the knight and a centaur warrior.

Vanquished Creatures
  3 two-headed ogres
  A boulder beetle (D:9)
  A gargoyle (D:8)
  An efreet (D:8)
  A troll (D:9)
  Prince Ribbit (D:7)
  A shadow (D:10)
  A vampire (D:6)
  3 yaks
  A wyvern (D:10)
  5 steam dragons
  2 acid dragons
  A water moccasin (D:9)
  Pargi (Sewer)
  3 ice beasts
  4 sky beasts
  6 centaurs
  2 phantoms
  4 kobold brigands
  2 bullfrogs (D:6)
  A scorpion (D:7)
  10 wights
  A killer bee (D:9)
  2 howler monkeys
  A gnoll bouda (D:8)
  3 jellies
  2 orc priests
  4 iguanas
  4 orc wizards
  10 gnolls
  7 adders
  2 white imps
  2 ufetubi
  A dart slug (D:1)
  26 orcs
  7 ball pythons
  5 endoplasms
  2 giant cockroaches
  8 goblins
  3 hobgoblins
  8 jackals
  3 quokkas
  2 bats
  6 frilled lizards
  23 kobolds
  3 rats
190 creatures vanquished.

Vanquished Creatures (collateral kills)
  A deep elf pyromancer (D:8)
  A yak (D:10)
  A steam dragon (D:9)
  An orc warrior (D:7)
  A sky beast (D:6)
  A centaur (D:8)
  A wight (D:8)
  A gnoll bouda (D:9)
  2 orc wizards
  2 gnolls
  An ufetubus (D:6)
  3 orcs (D:7)
  4 kobolds
20 creatures vanquished.

Vanquished Creatures (others)
  6 ancestors
  An ufetubus (D:4)
  An orc (D:4)
  A goblin (D:4)
9 creatures vanquished.

Grand Total: 219 creatures vanquished

Notes
Turn   | Place    | Note
-------+----------+-------------------------------------------
     0 | D:1      | BinkBink the Spriggan Hunter began the quest for the Orb.
     0 | D:1      | Reached XP level 1. HP: 10/10 MP: 2/2
    86 | D:1      | Reached XP level 2. HP: 15/15 MP: 3/3
   152 | D:1      | Found Qiotoe Leadd's Vocational Training.
   469 | D:2      | Reached XP level 3. HP: 18/18 MP: 4/4
   735 | D:2      | Reached skill level 5 in Ranged Weapons
   883 | D:1      | Reached XP level 4. HP: 22/23 MP: 5/5
  1240 | D:3      | You fall into a shaft and drop 1 floor!
  1314 | D:4      | Found a glowing drain.
  1326 | Sewer    | Entered a sewer
  1333 | Sewer    | Noticed Pargi
  1444 | Sewer    | Killed Pargi
  1445 | Sewer    | Reached skill level 6 in Ranged Weapons
  1445 | Sewer    | Reached XP level 5. HP: 23/28 MP: 4/6
  1736 | D:3      | Reached XP level 6. HP: 14/32 MP: 2/7
  2144 | D:3      | Found a shimmering altar of Xom.
  2145 | D:3      | Found a hazy altar of Hepliaklqana.
  2145 | D:3      | Noticed an unseen horror
  2146 | D:3      | Noticed a spectral ugly thing
  2146 | D:3      | Noticed an unseen horror
  2412 | D:3      | Became a worshipper of Hepliaklqana the Forgotten
  2474 | D:4      | Found a sparkling altar of Nemelex Xobeh.
  2564 | D:4      | Noticed a sky beast
  2600 | D:4      | Killed a sky beast
  2601 | D:4      | Reached skill level 7 in Ranged Weapons
  2787 | D:4      | Found a radiant altar of Vehumet.
  2989 | D:4      | Noticed a steam dragon
  3100 | D:5      | Entered Level 5 of the Dungeon
  3100 | D:5      | Noticed an ice beast
  3189 | D:4      | Killed an ice beast
  3190 | D:4      | Reached XP level 7. HP: 37/37 MP: 8/8
  3874 | D:5      | Reached * piety under Hepliaklqana
  3998 | D:6      | Reached skill level 8 in Ranged Weapons
  4130 | D:6      | Found Wytsood's Armour Emporium.
  4239 | D:6      | Reached XP level 8. HP: 37/37 MP: 9/9
  4400 | D:6      | Reached skill level 9 in Ranged Weapons
  4433 | D:6      | Found Cyotasuulema's Magic Scroll Shop.
  4488 | D:6      | Reached skill level 5 in Fighting
  4653 | D:6      | Found a broken altar of Ashenzari.
  4684 | D:6      | Found a shimmering blue altar of Sif Muna.
  4694 | D:6      | Reached skill level 10 in Ranged Weapons
  4878 | D:6      | Gained mutation: You have a pair of small horns on your
                  | head. [potion of mutation]
  4878 | D:6      | Gained mutation: You have a pair of horns on your head.
                  | [potion of mutation]
  4878 | D:6      | Gained mutation: You expend magic power (3 MP) to
                  | strengthen your wands. [potion of mutation]
  5045 | D:6      | Found Hoesauki's Armour Emporium.
  5100 | D:6      | Reached XP level 9. HP: 43/43 MP: 10/10
  5204 | D:7      | Found Letempai's Specific Store.
  5204 | D:7      | Found Humuo's General Store.
  5321 | D:7      | Reached skill level 11 in Ranged Weapons
  5488 | D:7      | Found a staircase to the Ecumenical Temple.
  5496 | D:7      | Reached ** piety under Hepliaklqana
  5789 | D:7      | Noticed Prince Ribbit
  5801 | D:7      | Killed Prince Ribbit
  6050 | D:8      | Noticed a two-headed ogre
  6120 | D:7      | Remembered your ancestor Imgur-Sin as a knight
  6305 | D:8      | Reached skill level 12 in Ranged Weapons
  6512 | D:8      | Killed a two-headed ogre
  6513 | D:8      | Reached XP level 10. HP: 49/49 MP: 11/11
  6868 | D:8      | Identified the +6 mace of Ninairitz {drain, rCorr}
  6964 | D:8      | Found a blossoming altar of Fedhas.
  6999 | D:8      | Noticed a two-headed ogre
  7019 | D:8      | Killed a two-headed ogre
  7020 | D:8      | Reached skill level 13 in Ranged Weapons
  7055 | D:8      | Noticed a deep elf pyromancer
  7058 | D:8      | Killed a deep elf pyromancer
  7094 | D:8      | Noticed a gargoyle
  7214 | D:8      | Killed a gargoyle
  7697 | D:9      | Found a runed translucent gate.
  7698 | D:9      | Found a runed translucent gate.
  7700 | D:9      | Found a runed translucent gate.
  7703 | D:9      | Noticed sanka's ghost (novice FoMo)
  7703 | D:9      | Noticed a spectral centaur warrior
  7703 | D:9      | Noticed a spectral centaur warrior
  7717 | D:9      | Reached *** piety under Hepliaklqana
  7724 | D:9      | Noticed a boulder beetle
  7732 | D:9      | Killed a boulder beetle
  7735 | D:9      | Found a staircase to the Lair.
  7749 | D:9      | Reached skill level 14 in Ranged Weapons
  7755 | D:9      | Noticed a two-headed ogre
  7756 | D:9      | Killed a two-headed ogre
  7955 | D:9      | Reached XP level 11. HP: 54/54 MP: 12/12
  8811 | D:10     | Identified the "Ymoggeuroe"
  8811 | D:10     | Entered Level 10 of the Dungeon
  9427 | D:10     | Noticed a centaur warrior
  9438 | D:10     | HP: 2/54 [centaur warrior/arrow (16)]
  9439 | D:10     | Shot with an arrow by a centaur warrior

Illustrated notes

Levels and vault maps discovered:
D:1:      dpeg_arrival_yet_another_circle, layout_rooms, nicolae_shop_vocational
D:2:      layout_basic, minmay_misc_feat_tower, minmay_misc_feat_four_crosses,
          kennysheep_potato
D:3:      layout_loops_ring, regret_index_temple_of_mockery
D:4:      layout_basic, mainiacjoe_overflow_tiny_flanked,
          mainiacjoe_overflow_six_doors_small, cheibrodos_sewer_entry_sluice,
          serial_aquarium, aquarium_bridge_square [aquarium_subvault_balcony,
          aquarium_subvault_bridge, aquarium_subvault_bridge,
          aquarium_subvault_bridge], aquarium_window_1, aquarium_window_1,
          aquarium_view_2d, aquarium_balcony_1b, minivault_11,
          minmay_divided_ellipse
D:5:      layout_gridville
D:6:      layout_cave_pools, mainiacjoe_overflow_surrounded_room,
          evilmike_ruin_ashenzari, serial_shops, nicolae_take_the_stairs,
          nicolae_lakefront_shop, nicolae_shop_rolling_square,
          minmay_small_thing
D:7:      layout_rooms, minmay_temple_entry_tees, nicolae_specific_store,
          uniq_prince_ribbit1
D:8:      minmay_blocky_corners, layout_rooms, fedhas_altar_1
D:9:      kennysheep_ambush_hall, layout_gridville, dpeg_oklobed_lair,
          gammafunk_ghost_necromancy, hangedman_decor_riveting
D:10:     nzn_winding_woodlands_stair_cross
          [nzn_winding_woodlands_5x15_pathside_ponds,
          nzn_winding_woodlands_center_lodge, nzn_winding_woodlands_5x15_pool,
          nzn_winding_woodlands_hourglass, nzn_winding_woodlands_5x5_perimeter,
          nzn_winding_woodlands_5x15_concentric,
          nzn_winding_woodlands_center_garden,
          nzn_winding_woodlands_5x15_river_crossing], layout_basic, hex_medium

Skill      XL: |  1  2  3  4  5  6  7  8  9 10 |
---------------+-------------------------------+-----
Fighting       | 2 3 4 5 7 8 |  8.8
Ranged Weapons | 5 6 7 8 10 12 14 | 14.7
Dodging        | |  2.6
Stealth        | |  1.5

Action                     |  1- 3 |  4- 6 |  7- 9 | 10-12 || total
---------------------------+-------+-------+-------+-------++-------
   Fire: Shortbow          |    99 |   223 |   351 |   104 ||   777
 Invoke: Recall Ancestor   |       |       |     2 |     3 ||     5
         Ancestor Life: Kn |       |       |     1 |       ||     1
    Use: Potion            |       |     2 |     1 |     2 ||     5
         Scroll            |       |       |    11 |     3 ||    14
 Armour: Robe              |    14 |    22 |       |       ||    36
         Troll leather arm |       |    14 |    68 |    19 ||   101
  Dodge: Dodged            |    32 |    71 |   122 |    11 ||   236

Table legend: (Time is in decaauts)
 A = Elapsed time spent in this place.
 B = Non-inter-level travel time spent in this place.
 C = Inter-level travel time spent in this place.
 D = Time resting spent in this place.
 E = Time spent auto-exploring this place.
 F = Levels seen in this place.
 G = Mean time per level.
                   A        B        C        D        E       F      G
               +--------+--------+--------+--------+--------+-----+--------+
         Total |   7192 |   6891 |    301 |   2148 |   3256 |  11 |  653.8 |
       Dungeon |   7005 |   6704 |    301 |   2148 |   3185 |  10 |  700.5 |
         Sewer |    187 |    187 |      0 |      0 |     70 |   1 |  187.0 |
               +--------+--------+--------+--------+--------+-----+--------+

Top non-repeatable levels by time:
     D:8: 1218 daAuts
     D:9: 892 daAuts
     D:7: 879 daAuts
     D:6: 855 daAuts
     D:4: 770 daAuts
     D:3: 527 daAuts
     D:2: 525 daAuts
     D:5: 508 daAuts
    D:10: 479 daAuts
     D:1: 350 daAuts
   Sewer: 187 daAuts
